 Dungeon Crawl Stone Soup version 0.20.0-15-g7f486f2 (webtiles) character file.

109 Phantomfrettchen the Skirmisher (level 4, 0/35 HPs)
             Began as a Demonspawn Chaos Knight on June 20, 2017.
             Slain by a jackal (3 damage)
             ... on level 2 of the Dungeon.
             The game lasted 00:04:52 (1068 turns).

Phantomfrettchen the Skirmisher (DsCK)              Turns: 1068, Time: 00:04:53

Health: 0/35       AC:  6    Str: 13    XL:     4   Next: 59%
Magic:  4/4        EV: 14    Int: 13    God:    Xom [..*...]
Gold:   125        SH: 14    Dex: 18    Spells: 3/3 levels left

rFire    . . .     SeeInvis .   k - +2 dagger (speed)
rCold    + . .     Gourm    .   j - +0 shield
rNeg     . . .     Faith    .   a - +2 leather armour
rPois    .         Spirit   .   f - +0 helmet
rElec    .         Reflect  .   (no cloak)
rCorr    .         Harm     .   (no gloves)
MR       .....                  (no boots)
Stlth    +++.......             (no amulet)
Regen    0.2/turn               (no ring)
MPRegen  0.1/turn               (no ring)

@: agile, flying
A: hooves 1, large bone plates 2, cold resistance 1, screaming 1
a: Renounce Religion


You were on level 2 of the Dungeon.
You worshipped Xom.
You were a toy of Xom.
You were hungry.

You visited 1 branch of the dungeon, and saw 2 of its levels.

You collected 125 gold pieces.

Inventory:

Hand Weapons
 i - a +0 hunting sling
 k - a +2 dagger of speed (weapon)
Armour
 a - a +2 leather armour (worn)
 f - a +0 helmet (worn)
 j - a +0 shield (worn)
Wands
 q - a wand of confusion (22/48)
Scrolls
 e - a scroll of teleportation {unknown}
 m - a scroll of remove curse
Comestibles
 b - 2 bread rations
 c - 3 royal jellies
 n - 5 chunks of flesh
 p - a meat ration


   Skills:
 - Level 3.1 Fighting
 - Level 2.0 Short Blades
 - Level 2.0 Armour
 + Level 1.6 Dodging
 - Level 1.0 Stealth
 * Level 1.7 Shields
 - Level 3.0 Unarmed Combat


You had 3 spell levels left.
You didn't know any spells.

Dungeon Overview and Level Annotations

Branches:
Dungeon (2/15)

Altars:
Vehumet


Innate Abilities, Weirdness & Mutations

You have large cloven feet.
You are mostly covered in large bone plates. (SH +6)
Your flesh is cold resistant. (rC+)
You occasionally shout uncontrollably at your foes.


Message History

You closely miss the kobold.
The kobold is moderately wounded.
The jackal closely misses you. You block the jackal's attack.
You hit the jackal.
The jackal is heavily wounded.
You block the jackal's attack. The kobold barely misses you.
You block the jackal's attack.
Your shield prevents you from hitting the jackal.
You kick the jackal, but do no damage.
The jackal is heavily wounded.
You block the jackal's attack. x2; The kobold barely misses you.
You hit the jackal but do no damage.
The jackal is heavily wounded.
The jackal barely misses you.
The giant cockroach seems to be having trouble coordinating all six of its legs.
You block the jackal's attack.
You hit the jackal. You kick the jackal, but do no damage.
The jackal is almost dead.
The jackal bites you.
You die... b

#...........# g
##...###....#
###..######.(###########
b #(..(...#
#...(.(...)... #.......#
###.......#### #.......#
###......# #......h#
#####..# #.s...hK# ####
#....hh@# #########


You could see 4 jackals, a giant cockroach (confused) and a kobold.

Vanquished Creatures
  Natasha (thrice) (D:2)
  An adder (D:2)
  An ooze (D:1)
  3 hobgoblins (D:1)
  3 bats
  7 goblins
  4 kobolds (D:1)
  A rat (D:1)
23 creatures vanquished.

Vanquished Creatures (others)
  5 toadstools (D:1)
5 creatures vanquished.

Grand Total: 28 creatures vanquished

Notes
Turn   | Place    | Note
-------+----------+-------------------------------------------
     0 | D:1      | Phantomfrettchen the Demonspawn Chaos Knight began the quest for the Orb.
     0 | D:1      | Reached XP level 1. HP: 18/18 MP: 1/1
    13 | D:1      | XOM: divination: magic mapping
   160 | D:1      | Reached skill level 1 in Dodging
   316 | D:1      | XOM: silly message
   329 | D:1      | Gained mutation: Your flesh is cold resistant. (rC+) [demonic ancestry]
   329 | D:1      | Reached XP level 2. HP: 24/24 MP: 2/2
   716 | D:2      | Reached skill level 1 in Stealth
   736 | D:2      | Found a radiant altar of Vehumet.
   766 | D:2      | Noticed Natasha
   784 | D:2      | Killed Natasha
   784 | D:2      | Reached skill level 1 in Short Blades
   784 | D:2      | Gained mutation: You have large cloven feet. [demonic ancestry]
   784 | D:2      | Reached XP level 3. HP: 12/29 MP: 3/3
   838 | D:2      | Noticed Natasha
   839 | D:2      | XOM: silly message
   856 | D:2      | XOM: potion effect (curing)
   862 | D:2      | Killed Natasha
   862 | D:2      | Reached skill level 1 in Shields
   862 | D:2      | Gained mutation: You are partially covered in large bone plates. (SH +4) [demonic ancestry]
   862 | D:2      | Reached XP level 4. HP: 31/35 MP: 4/4
   948 | D:2      | Noticed Natasha
   965 | D:2      | XOM: smoke on damage
   976 | D:2      | Killed Natasha
  1014 | D:2      | XOM: divination: detect creatures
  1016 | D:2      | XOM: enchant monster (bad)
  1051 | D:2      | XOM: confusion (+ monsters)
  1051 | D:2      | HP: 1/35 [kobold (4)]
  1059 | D:2      | Gained mutation: You occasionally shout uncontrollably at your foes. [potion of mutation]
  1059 | D:2      | Gained mutation: You are mostly covered in large bone plates. (SH +6) [potion of mutation]
  1059 | D:2      | XOM: harmless Fire miscast
  1068 | D:2      | Slain by a jackal

Skill      XL: |  1  2  3 |
---------------+----------+-----
Dodging        | 1 |  1.6
Unarmed Combat | 3 |  3.0
Armour         | 2 |  2.0
Stealth        | 1 |  1.0
Short Blades   | 1 2 |  2.0
Shields        | 1 |  1.7
Fighting       | |  3.1

Action                   |  1- 3 |  4- 6 || total
-------------------------+-------+-------++-------
Melee: Unarmed           |    40 |       ||    40
       Dagger            |    34 |    64 ||    98
       Kick              |     7 |    20 ||    27
  Use: Potion            |     2 |     6 ||     8
       Scroll            |       |     2 ||     2
 Stab: Sleeping          |     1 |       ||     1
Armor: Leather armour    |    27 |    38 ||    65
Dodge: Dodged            |    35 |    43 ||    78
Block: Shield            |    19 |    68 ||    87
